 Dungeon Crawl Stone Soup version 0.17.1-3-g152610e (webtiles) character file.

506 Gargoyl the Covered (level 6, -4/49 HPs)
             Began as a Demonspawn Abyssal Knight on Apr 4, 2016.
             Was a Priest of Lugonu.
             Slain by tape's ghost (19 damage)
             ... on level 5 of the Dungeon.
             The game lasted 00:13:01 (3928 turns).

Gargoyl the Covered (Demonspawn Abyssal Knight)     Turns: 3928, Time: 00:13:02

Health: -4/49      AC: 15    Str: 14    XL:     6   Next: 97%
Magic:  17/17      EV:  4    Int: 13    God:    Lugonu [***...]
Gold:   230        SH:  0    Dex: 13    Spells: 0 memorised, 5 levels left

rFire  . . .     SeeInvis .     x - +1 hand axe (freeze)
rCold  . . .     Clarity  .     m - +0 plate armour
rNeg   . . .     SustAt   .     (no shield)
rPois  .         Gourm    .     l - +0 helmet
rElec  .         Spirit   .     (no cloak)
rCorr  .         Warding  .     (no gloves)
rMut   .         Stasis   .     (no boots)
MR     .....                    (no amulet)
Stlth  ..........               (no ring)
                                n - ring of magical power

@: not resistant to hostile enchantments, extremely unstealthy
A: talons 1, yellow scales 1
a: Depart the Abyss, Bend Space, Banish, Renounce Religion


You were on level 5 of the Dungeon.
You worshipped Lugonu.
Lugonu was most pleased with you.
You were not hungry.

You visited 1 branch of the dungeon, and saw 5 of its levels.
You visited the Abyss 1 time.

You collected 230 gold pieces.

Inventory:

Hand Weapons
 b - a +0 whip of venom
 v - a +0 flail
 x - a +1 hand axe of freezing (weapon)
Missiles
 q - 10 tomahawks (quivered)
Armour
 l - a +0 helmet (worn)
 m - a +0 plate armour (worn)
Jewellery
 n - a ring of magical power (left hand)
Wands
 e - a wand of polymorph (10)
 y - a wand of lightning (7)
Scrolls
 a - a scroll of fear {unknown}
 d - a scroll of recharging
 h - a scroll of amnesia {unknown}
 k - 5 scrolls of identify
Potions
 o - a potion of heal wounds
Comestibles
 c - 7 bread rations
 j - 3 slices of pizza
 p - 4 fruits
 r - 4 meat rations
 s - a royal jelly


   Skills:
 + Level 4.6 Fighting
 + Level 2.2(2.5) Axes
 + Level 1.5(2.1) Maces & Flails
 + Level 0.6 Throwing
 * Level 5.0 Armour
 + Level 1.5 Dodging
 + Level 3.3 Invocations


You had 5 spell levels left.
You didn't know any spells.

Dungeon Overview and Level Annotations

Branches:
Dungeon (5/15)
 Temple: D:4-7

Altars:
Kikubaaqudgha
Nemelex Xobeh

Annotations:
D:5 tape's ghost, novice HEHu


Innate Abilities, Weirdness & Mutations

You have sharp toenails.
You are partially covered in yellow scales (AC +2).


Message History

You feel much better.
Tape's ghost hits you but does no damage.
Drink which item? (? for menu, Esc to quit)
It was a potion of cancellation.
Your magical effects are unravelling.
Your magical contamination has completely faded away.
You feel magically purged.
You flicker back into view.
You feel less invigorated.
You feel less confused.
Tape's ghost hits you but does no damage.
You are electrocuted!
You barely miss tape's ghost.
You feel less woody.
Your +0 helmet unmelds from your body.
Your +0 plate armour unmelds from your body.
Tape's ghost hits you.
Tape's ghost hits you but does no damage.
You are electrocuted!
You die...

.. .. .. .# ##
#.#.. .>.
#..#.###.##.##
#$.....@W...?#
#........#...#
#.....##.# .#
#.##.$ .# #
... .# ..#. ##
.... ....


You could see tape's ghost.

Vanquished Creatures
  A giant frog (D:4)
  4 scorpions (D:4)
  An orc priest (D:4)
  3 orc wizards
  3 adders
  3 river rats (D:4)
  2 worms
  3 giant geckos
  6 orcs
  5 bats
  3 giant cockroaches
  12 goblins
  6 hobgoblins
  9 jackals
  3 ball pythons
  3 giant newts
  2 kobolds (D:1)
  9 rats
78 creatures vanquished.

Vanquished Creatures (others)
  An orc wizard (D:3)
  A giant cockroach (D:1)
  A bat (D:1)
  A rat (D:1)
4 creatures vanquished.

Grand Total: 82 creatures vanquished

Notes
Turn   | Place    | Note
--------------------------------------------------------------
     0 | Abyss:1  | Gargoyl the Demonspawn Abyssal Knight began the quest for the Orb.
     0 | Abyss:1  | Reached XP level 1. HP: 18/18 MP: 2/2
    75 | Abyss:1  | Noticed a starcursed mass
    99 | D:1      | Escaped the Abyss
   302 | D:1      | Reached * piety under Lugonu
   515 | D:1      | Gained mutation: You have sharp toenails. [demonic ancestry]
   515 | D:1      | Reached XP level 2. HP: 22/24 MP: 4/4
   567 | D:1      | Reached skill level 1 in Dodging
  1344 | D:2      | Found a sparkling altar of Nemelex Xobeh.
  1450 | D:2      | Gained mutation: You are partially covered in yellow scales (AC +2). [demonic ancestry]
  1450 | D:2      | Reached XP level 3. HP: 22/29 MP: 5/5
  1921 | D:3      | Reached ** piety under Lugonu
  2228 | D:3      | Reached XP level 4. HP: 33/35 MP: 6/6
  2571 | D:4      | Reached XP level 5. HP: 42/42 MP: 7/7
  2616 | D:4      | Noticed a giant frog
  2624 | D:4      | Reached skill level 4 in Fighting
  2624 | D:4      | Reached skill level 1 in Maces & Flails
  2629 | D:4      | Killed a giant frog
  2743 | D:4      | Reached XP level 6. HP: 42/48 MP: 8/8
  3553 | D:4      | Reached skill level 5 in Armour
  3694 | D:4      | Found an ancient bone altar of Kikubaaqudgha.
  3804 | D:5      | Entered Level 5 of the Dungeon
  3804 | D:5      | Noticed tape's ghost (novice HEHu)
  3818 | D:4      | Reached *** piety under Lugonu
  3928 | D:5      | Slain by tape's ghost

Action                   |  1- 3 |  4- 6 || total
-------------------------+-------+-------++-------
Melee: Hand axe          |    49 |    35 ||    84
       Whip              |    99 |   100 ||   199
Throw: Tomahawk          |     1 |     7 ||     8
Invok: Depart the Abyss  |     1 |       ||     1
  Use: Scroll            |     1 |     6 ||     7
       Potion            |       |     7 ||     7
  Eat: Chunk             |     4 |     6 ||    10
